 Dungeon Crawl Stone Soup version 0.21.1 (webtiles) character file.

102 Mgcat the Skirmisher (level 4, -1/37 HPs)
             Began as a Mummy Fighter on Feb 4, 2018.
             Slain by an orc wizard
             ... wielding a +0 dagger
              (3 damage)
             ... on level 3 of the Dungeon.
             The game lasted 00:11:10 (2998 turns).

Mgcat the Skirmisher (Mummy Fighter)                Turns: 2998, Time: 00:11:10

Health: -1/37      AC:  6    Str: 19    XL:     4   Next: 50%
Magic:  4/4        EV:  7    Int:  7    God:
Gold:   108        SH:  8    Dex: 12    Spells: 3/3 levels left

rFire    x . .     SeeInvis .   a - +0 long sword
rCold    + . .     Gourm    .   c - +0 shield
rNeg     + + +     Faith    .   b - +0 scale mail
rPois    ∞         Spirit   .   (no helmet)
rElec    .         Reflect  .   (no cloak)
rCorr    .         Harm     .   (no gloves)
MR       .....                  (no boots)
Stlth    ..........             (no amulet)
HPRegen  0.12/turn              (no ring)
MPRegen  0.09/turn              (no ring)

@: slowed, very slow
A: no food or potions, fire vulnerability, cold resistance 1, negative energy
resistance 3, torment resistance, unbreathing
a: no special abilities


You were on level 3 of the Dungeon.
You were not hungry.

You visited 1 branch of the dungeon, and saw 3 of its levels.

You collected 108 gold pieces.

Inventory:

Hand Weapons
 a - a +0 long sword (weapon)
Armour
 b - a +0 scale mail (worn)
 c - a +0 shield (worn)
Jewellery
 g - an uncursed ring of fire {unknown}
   (You found it on level 1 of the Dungeon)
Scrolls
 d - a scroll of enchant armour {unknown}
 e - 3 scrolls of identify {unknown}
 f - a scroll of amnesia {unknown}
 h - a scroll of remove curse {unknown}
 i - 2 scrolls of random uselessness {unknown}
 j - a scroll of immolation {unknown}


   Skills:
 + Level 4.1 Fighting
 + Level 2.8 Long Blades
 - Level 2.5 Armour
 - Level 2.5 Shields


You had 3 spell levels left.
You didn't know any spells.

Dungeon Overview and Level Annotations

Branches:
Dungeon (3/15)

Altars:

Annotations:
D:3 Santangelo's ghost, amateur DDAr


Innate Abilities, Weirdness & Mutations

You do not eat or drink.
Your flesh is vulnerable to fire.
You are immune to poison.
Your flesh is cold resistant. (rC+)
You are immune to negative energy. (rN+++)
You are immune to unholy pain and torment.
You can survive without breathing.


Message History

You closely miss the kobold.
The kobold hits you but does no damage. x2
The kobold hits you with a whip.
You hit the kobold.
You kill the kobold!
The kobold hits you but does no damage. You block the kobold's attack.
You slash the orc!
You kill the orc!
The kobold hits you.
You hit the kobold but do no damage. You block the kobold's attack.
You closely miss the kobold. The kobold hits you but does no damage.
The kobold barely misses you.
You closely miss the kobold. The kobold barely misses you.
You riposte.
Your shield and scale mail prevent you from hitting the kobold.
You closely miss the kobold. The kobold hits you but does no damage.
You closely miss the kobold. You block the kobold's attack.
The kobold barely misses you.
An orc comes into view. It is wielding a club.
You barely miss the kobold. The kobold barely misses you.
You hit the kobold.
You kill the kobold!
The orc hits you with a club.
Items here: ( )) † a short sword; a whip; a stone; a kobold corpse You are too injured to fight recklessly!
You are too injured to fight recklessly!
You are too injured to fight recklessly!
You are too injured to fight recklessly!
You are too injured to fight recklessly!
You hit the orc.
The orc is severely wounded.
The orc completely misses you.
You hit the orc.
The orc is almost dead.
The orc hits you but does no damage.
An orc wizard comes into view. It is wielding a dagger.
You completely miss the orc.
The orc is almost dead.
The orc wizard shouts!
The orc hits you with a club.
The orc wizard mumbles some strange words.
The orc wizard flickers and vanishes!
Deactivating autopickup; reactivate with Ctrl-A.
The orc hits you but does no damage.
You slash the orc!
You kill the orc!
You see here a kobold corpse.
You start resting.
There is a strange disturbance nearby!
You miss something. Something hits you but does no damage.
You barely miss something. Something hits you.
Something hits you but does no damage.
Your shield and scale mail prevent you from hitting something.
Something hits you but does no damage.
You closely miss something. Something hits you but does no damage.
You hit something but do no damage. Something hits you but does no damage.
Something hits you.
You closely miss something. Something hits you but does no damage.
The orc wizard shouts!
You slash something! Something hits you but does no damage.
You closely miss something.
You hear some strange, mumbled words.
A magic dart appears from out of thin air!
The magic dart hits you! Something hits you.
Your shield and scale mail prevent you from hitting something.
Something hits you but does no damage.
You barely miss something.
The orc wizard hits you but does no damage.
Something hits you.
The orc wizard gestures at you while chanting.
You feel yourself slow down.
You barely miss something. Something hits you.
The orc wizard hits you with a dagger.
* * * LOW HITPOINT WARNING * * *
Something hits you but does no damage. The orc wizard hits you with a dagger.
* * * LOW HITPOINT WARNING * * *
You miss something.
You hear some strange, mumbled words.
Something tries to affect you, but you resist.
The orc wizard hits you but does no damage.
You hear some strange, mumbled words.
You are confused.
The orc wizard hits you but does no damage.
You closely miss the orc wizard. Something hits you but does no damage.
The orc wizard hits you but does no damage.
Something hits you but does no damage.
The orc wizard hits you but does no damage.
You bump into the rock wall.
Something hits you but does no damage. The orc wizard barely misses you.
Something hits you.
* * * LOW HITPOINT WARNING * * *
You hit the orc wizard but do no damage.
You feel less confused.
The orc wizard casts a spell.
The orc wizard blinks!
Something hits you but does no damage.
You hear some strange, mumbled words.
A magic dart appears from out of thin air!
The magic dart hits you!
* * * LOW HITPOINT WARNING * * *
Santangelo's ghost turns its malevolent gaze towards you.
You barely miss something. Something hits you.
You die...

... #.# #.# #{#
## #.. .## ####
#.# ... ..... #)#
.#. .....
#W######.# .#
#.#...#o{@.....#
...
......#(#########
..
#.#.....(........
# .
.....##.#########
#.#. #.........
... #.#######. #.
#.# . #.# #.#


You could see an orc wizard and Santangelo's ghost.

Vanquished Creatures
  An adder (D:2)
  An ooze (D:1)
  A worm (D:2)
  3 leopard geckos
  3 orcs (D:3)
  7 bats
  3 giant cockroaches
  8 hobgoblins
  12 jackals
  14 kobolds
  A quokka (D:2)
  2 frilled lizards (D:2)
  9 goblins
  5 rats
70 creatures vanquished.

Notes
Turn   | Place    | Note
-------+----------+-------------------------------------------
     0 | D:1      | Mgcat the Mummy Fighter began the quest for the Orb.
     0 | D:1      | Reached XP level 1. HP: 18/18 MP: 1/1
   171 | D:1      | Reached XP level 2. HP: 20/24 MP: 2/2
   470 | D:1      | Reached skill level 2 in Long Blades
   924 | D:1      | Reached XP level 3. HP: 28/29 MP: 3/3
  1339 | D:2      | HP: 7/29 [adder (3)]
  1348 | D:2      | HP: 7/30 [kobold/whip (1)]
  2025 | D:2      | Reached XP level 4. HP: 37/37 MP: 4/4
  2437 | D:2      | Reached skill level 4 in Fighting
  2595 | D:3      | Noticed Santangelo's ghost (amateur DDAr)
  2993 | D:3      | HP: 9/37 [orc wizard/dagger (3)]
  2997 | D:3      | HP: 2/37 [something/magic dart (4)]
  2998 | D:3      | Slain by an orc wizard

Skill      XL: |  1  2  3  4 |
---------------+-------------+-----
Long Blades    | 2 |  2.8
Fighting       | 4 |  4.1
Armour         | |  2.5
Shields        | |  2.5

Action                   |  1- 3 |  4- 6 || total
-------------------------+-------+-------++-------
Melee: Long sword        |   140 |   123 ||   263
Armor: Scale mail        |    71 |    65 ||   136
Dodge: Dodged            |    41 |    46 ||    87
Block: Shield            |    76 |    61 ||   137
       Rpst.: Long sword |     7 |    10 ||    17

Vault maps used:
D:1:      roderic_crossed_star, minmay_pentomino_q2
D:2:      grunt_ministairs_9
D:3:      serial_glass, glass_columns_c, glass_columns_a

Table legend:
 A = Turns spent in this place as a percentage of turns spent in the entire game.
 B = Non-inter-level travel turns spent in this place as a percentage of non-inter-level travel turns spent in the entire game.
 C = Inter-level travel turns spent in this place as a percentage of turns spent in this place.
 D = Turns resting spent in this place as a percentage of non-inter-level travel turns spent in this place.
 E = Turns spent auto-exploring this place as a percentage of non-inter-level travel turns spent in this place.
 F = Non-inter-level travel turns spent in this place divided by the number of levels of this place that you've seen.
                   A       B       C       D       E      F
               +-------+-------+-------+-------+-------+----------------------
         Total | 100.0 | 100.0 |   2.9 |  27.0 |  56.0 | 970.7
       Dungeon | 100.0 | 100.0 |   2.9 |  27.0 |  56.0 | 970.7
               +-------+-------+-------+-------+-------+----------------------

Table legend:
 A = Kills in this place as a percentage of kills in entire the game.
 B = Kills by you in this place as a percentage of kills by you in the entire game.
 C = Kills by friends in this place as a percentage of kills by friends in the entire game.
 D = Other kills in this place as a percentage of other kills in the entire game.
 E = Experience gained in this place as a percentage of experience gained in the entire game.
 F = Experience gained in this place divided by the number of levels of this place that you have seen.
                   A       B       C       D       E      F
               +-------+-------+-------+-------+-------+----------------------
         Total | 100.0 | 100.0 |   N/A |   N/A | 100.0 |  49.0
       Dungeon | 100.0 | 100.0 |   N/A |   N/A | 100.0 |  49.0
               +-------+-------+-------+-------+-------+----------------------
